 Dungeon Crawl Stone Soup version 0.25-a0-667-gb977e01cb5 (webtiles) character file.

Game seed: 7027989187262890396, levelgen mode: deterministic

9 Mgcat the Vexing (level 2, 0/17 HPs)
             Began as a Gargoyle Arcane Marksman on Mar 27, 2020.
             Slain by a goblin
             ... wielding a +0 club
              (1 damage)
             ... on level 1 of the Dungeon.
             The game lasted 00:00:51 (92 turns).

Mgcat the Vexing (Gargoyle Arcane Marksman)           Turns: 92, Time: 00:00:52

Health: 0/17       AC:  4    Str: 13    XL:     2   Next: 16%
Magic:  3/3        EV: 12    Int: 13    God:
Gold:   0          SH:  0    Dex: 10    Spells: 2/3 levels left

rFire    . . .     SeeInvis .   b - +0 club
rCold    . . .     Gourm    .   (no shield)
rNeg     + . .     Faith    .   e - +0 robe
rPois    ∞         Spirit   .   (no helmet)
rElec    +         Reflect  .   (no cloak)
rCorr    .         Harm     .   (no gloves)
MR       .....                  (no boots)
Stlth    +.........             (no amulet)
HPRegen  0.05/turn              (no ring)
MPRegen  0.08/turn              (no ring)

@: no status effects
A: negative energy resistance 1, electricity resistance, unbreathing,
petrification resistance, rot immunity, AC +2
a: no special abilities


You were on level 1 of the Dungeon.
You were not hungry.

You visited 1 branch of the dungeon, and saw 1 of its levels.

Inventory:

Hand Weapons
 a - a +0 shortbow
 b - a +0 club (weapon)
   (You took it off a hobgoblin on level 1 of the Dungeon)
Missiles
 d - 16 arrows (quivered)
Armour
 e - a +0 robe (worn)
Comestibles
 c - a chunk of flesh {@w0}
 f - a ration


   Skills:
 + Level 1.8 Fighting
 - Level 2.0 Bows
 + Level 2.0 Dodging
 - Level 1.0 Spellcasting
 - Level 2.6 Hexes


You had 2 spell levels left.
You knew the following spells:

 Your Spells              Type           Power        Failure   Level  Hunger
a - Corona                Hex            #......      10%         1    ##.....

Your spell library contained the following spells:

 Spells                   Type           Power        Failure   Level  Hunger
 Slow                     Hex            #.......     14%         2    ###....
 Inner Flame              Hex/Fire       #.......     43%         3    ####...
 Portal Projectile        Hex/Tloc       #.....       43%         3    ####...
 Cause Fear               Hex            #.........   67%         4    #####..
 Leda's Liquefaction      Hex/Erth       #.........   85%         4    #####..


Dungeon Overview and Level Annotations

Branches:
Dungeon (1/15)

Altars:


Innate Abilities, Weirdness & Mutations

You are resistant to torment.
Your stone body is resilient. (AC +2)
You are immune to poison.
You resist negative energy. (rN+)
You are resistant to electric shocks. (rElec)
You can survive without breathing.
You are immune to petrification.
You are immune to rotting.


Message History

You miss the kobold.
The kobold is severely wounded.
The kobold completely misses you. The kobold hits you but does no damage.
You hit the kobold.
You kill the kobold!
Items here: ( )) ÷ a cursed -3 dagger; 2 stones; a +0 club; a hobgoblin skeleton A hobgoblin comes into view.
It is wielding a +0 club.
The dart slug bites you but does no damage.
You hit the dart slug but do no damage. The dart slug misses you.
You hit the dart slug but do no damage. The dart slug bites you.
You take 2 damage, and have 11/17 hp.
You hit the dart slug but do no damage. The dart slug misses you.
You hit the dart slug.
The dart slug is moderately wounded.
A bat comes into view.
The dart slug closely misses you.
The bat moves out of view.
You hit the dart slug but do no damage.
The dart slug is moderately wounded.
The hobgoblin hits you with a cursed +0 club.
The dart slug barely misses you.
You take 1 damage, and have 10/17 hp.
Items here: ( )) ÷ a cursed -3 dagger; 2 stones; a +0 club; a hobgoblin skeleton You barely miss the hobgoblin.
The hobgoblin closely misses you.
You closely miss the hobgoblin. The hobgoblin closely misses you.
You closely miss the hobgoblin. The hobgoblin barely misses you.
The hobgoblin misses you.
You hit the hobgoblin.
The hobgoblin is moderately wounded.
The hobgoblin hits you but does no damage.
You barely miss the hobgoblin.
The hobgoblin is moderately wounded.
The hobgoblin completely misses you.
You hit the hobgoblin but do no damage.
The hobgoblin is moderately wounded.
The hobgoblin hits you but does no damage.
You closely miss the hobgoblin.
The hobgoblin is moderately wounded.
The hobgoblin hits you with a cursed +0 club.
A goblin comes into view. It is wielding a +0 club.
You take 2 damage, and have 9/17 hp.
You closely miss the hobgoblin.
The hobgoblin is moderately wounded.
The goblin shouts!
The hobgoblin completely misses you.
The hobgoblin hits you with a cursed +0 club.
You take 1 damage, and have 8/17 hp.
You hit the hobgoblin.
The hobgoblin is severely wounded.
The hobgoblin hits you with a cursed +0 club.
You take 1 damage, and have 7/17 hp.
You closely miss the hobgoblin.
The hobgoblin is severely wounded.
The hobgoblin barely misses you.
You hit the hobgoblin.
The hobgoblin is almost dead.
The hobgoblin barely misses you.
You barely miss the hobgoblin.
The hobgoblin is almost dead.
The hobgoblin closely misses you.
You completely miss the hobgoblin.
The hobgoblin is almost dead.
The hobgoblin hits you but does no damage.
You hit the hobgoblin.
You kill the hobgoblin!
Your Dodging skill increases to level 2!
You aren't carrying any potions.
You barely miss the goblin. The goblin hits you but does no damage.
You closely miss the goblin. The goblin hits you but does no damage.
The goblin barely misses you.
You closely miss the goblin. The goblin hits you with a +0 club.
* * * LOW HITPOINT WARNING * * *
You take 3 damage, and have 4/17 hp.
You hit the goblin.
The goblin is severely wounded.
The goblin hits you with a +0 club.
* * * LOW HITPOINT WARNING * * *
You take 1 damage, and have 3/17 hp.
There are monsters nearby!
Unknown command.
You hit the goblin but do no damage.
The goblin is severely wounded.
The goblin closely misses you.
You hit the goblin but do no damage.
The goblin is severely wounded.
The goblin closely misses you.
You closely miss the goblin.
The goblin is severely wounded.
The goblin hits you with a +0 club.
* * * LOW HITPOINT WARNING * * *
The goblin barely misses you.
You take 3 damage, and have 1/17 hp.
You hit the goblin but do no damage.
The goblin is severely wounded.
The goblin hits you but does no damage.
You closely miss the goblin.
The goblin is severely wounded.
The goblin hits you with a +0 club.
You die...

##≈≈P≈≈##
##≈≈≈.≈≈≈##
#≈≈P.8.P≈≈#
#≈≈.....≈≈##
#≈.......≈8##
#≈P8.<.8P.'.#
#≈.......≈8.#
#≈≈.....≈≈#%#
#≈≈P.8.P≈≈#@#
##≈≈≈.≈≈≈##g####.#
##≈≈P≈≈##.w......b
##≈≈≈##..#####.##
#####...# ......
#$###.# #. ... #
...


You could see a dart slug and a goblin.

Vanquished Creatures
  A leopard gecko (D:1)
  A goblin (D:1)
  2 hobgoblins (D:1)
  2 kobolds (D:1)
  A rat (D:1)
7 creatures vanquished.

Notes
Turn   | Place    | Note
-------+----------+-------------------------------------------
     0 | D:1      | Mgcat the Gargoyle Arcane Marksman began the quest for the
                  | Orb.
     0 | D:1      | Reached XP level 1. HP: 12/12 MP: 2/2
    56 | D:1      | Reached XP level 2. HP: 14/17 MP: 3/3
    83 | D:1      | Reached skill level 2 in Dodging
    86 | D:1      | HP: 4/17 [goblin/+0 club (3)]
    90 | D:1      | HP: 1/17 [goblin/+0 club (3)]
    92 | D:1      | Slain by a goblin

Levels and vault maps discovered:
D:1:      lightli_arrival_statuegarden, layout_loops_ring

Skill      XL: |  1  2 |
---------------+-------+-----
Dodging        | 2 |  2.0
Fighting       | |  1.8
Bows           | |  2.0
Spellcasting   | |  1.0
Hexes          | |  2.6

Action                   || total
-------------------------++-------
Melee: Club              ||    41
 Fire: Shortbow          ||    20
Armor: Robe              ||    15
Dodge: Dodged            ||    33

Table legend:
 A = Non-vault XP
 B = Vault XP
 C = Vault XP percentage of total XP
 D = Non-vault monster count
 E = Vault monster count
 F = Vault count percentage of total count
                 A         B        C        D         E       F
            +---------+---------+-------+---------+---------+-------
      Total |      14 |       0 |   0.0 |       7 |       0 |   0.0
            +---------+---------+-------+---------+---------+-------
        D:1 |      14 |       0 |   0.0 |       7 |       0 |   0.0
            +---------+---------+-------+---------+---------+-------

Levels and vault maps discovered:
D:1:      lightli_arrival_statuegarden, layout_loops_ring

Table legend:
 A = Turns spent in this place as a percentage of turns spent in the entire game.
 B = Non-inter-level travel turns spent in this place as a percentage of non-inter-level travel turns spent in the entire game.
 C = Inter-level travel turns spent in this place as a percentage of turns spent in this place.
 D = Turns resting spent in this place as a percentage of non-inter-level travel turns spent in this place.
 E = Turns spent auto-exploring this place as a percentage of non-inter-level travel turns spent in this place.
 F = Non-inter-level travel turns spent in this place divided by the number of levels of this place that you've seen.
                   A       B       C       D       E      F
               +-------+-------+-------+-------+-------+----------------------
         Total | 100.0 | 100.0 |   0.0 |   0.0 |   6.5 |  92.0
       Dungeon | 100.0 | 100.0 |   0.0 |   0.0 |   6.5 |  92.0
               +-------+-------+-------+-------+-------+----------------------

Table legend:
 A = Kills in this place as a percentage of kills in entire the game.
 B = Kills by you in this place as a percentage of kills by you in the entire game.
 C = Kills by friends in this place as a percentage of kills by friends in the entire game.
 D = Other kills in this place as a percentage of other kills in the entire game.
 E = Experience gained in this place as a percentage of experience gained in the entire game.
 F = Experience gained in this place divided by the number of levels of this place that you have seen.
                   A       B       C       D       E      F
               +-------+-------+-------+-------+-------+----------------------
         Total | 100.0 | 100.0 |   N/A |   N/A | 100.0 |  14.0
       Dungeon | 100.0 | 100.0 |   N/A |   N/A | 100.0 |  14.0
               +-------+-------+-------+-------+-------+----------------------
